[Event "10th Cherry Blossom Classic 2023"]
[Site "Dulles"]
[Date "2023.05.28"]
[Round "5.10"]
[White "Slate, Kent"]
[Black "Paul, Justin"]
[Result "0-1"]
[ECO "C54"]
[WhiteElo "1989"]
[BlackElo "2314"]
[Annotator "TA"]
[PlyCount "114"]
[EventDate "2023.05.24"]
[EventType "swiss"]
[EventCountry "USA"]
[SourceTitle "playchess.com"]
[Source "ChessBase"]
[SourceQuality "1"]
[TimeControl "5400+30"]

1. e4 e5 2. Nf3 Nc6 3. Bc4 Nf6 4. d3 Bc5 5. O-O a6 6. c3 Ba7 7. a4 {[%emt 0:05:58] now scores much better than the old 7.Bb3. C54: Giuoco Piano: 4 c3 Nf6, main lines with 5 d4 and 5 d3.} h6 8. d4 d6 (8... Nxe4 {is more complex.} 9. dxe5 O-O 10. Bd5 Nxf2 11. Rxf2 d6) 9. dxe5 {[%emt 0:01:10] The position is equal.} Nxe5 10. Nxe5 dxe5 11. Qxd8+ Kxd8 {[%emt 0:00:03][%cal Be8d8,Bd8e7,Be7e6][%mdl 32] [#]} 12. Nd2 $146 ({Predecessor:} 12. Bxf7 Nxe4 13. Be3 Bxe3 14. fxe3 Rf8 15. Na3 Ke7 16. Bg6 Rxf1+ 17. Rxf1 Nd6 18. c4 {1-0 Bharath,S (2437)-Oliveira,S (2321) Titled Tuesday intern op 09th Feb blitz 2021 (9)}) 12... Ke7 13. Nf3 Nxe4 {[%emt 0:02:36] With the idea ...f6.} 14. Nxe5 Be6 {[%emt 0:01:36] Inhibits Bd5.} (14... Kf6 {keeps more tension.} 15. Nf3 Re8 16. Nd4 Nd6) 15. Bxe6 Kxe6 16. Nc4 Rhd8 17. Be3 Bxe3 18. Nxe3 f5 19. Rfe1 Kf6 20. Rad1 c6 {[%emt 0:01:16] Prevents Nd5+} 21. a5 Nd2 22. Ra1 Rd3 23. f3 Rad8 (23... Nb3 $5 24. Ra3 Nc5 $15) 24. Kf2 Nb3 25. Ra4 (25. Ra3 $11 Rd2+ 26. Kg1) 25... Rd2+ $17 26. Re2 Nc1 $36 {[%emt 0:00:00][%mdl 2112] [#] Pin. Black is in control. Black is more active.} 27. Rxd2 Rxd2+ {[%emt 0:00:00][%mdl 4096] Endgame KRN-KRN} 28. Kf1 Rxb2 29. g4 fxg4 ({Black should play} 29... g6 $19 30. gxf5 gxf5) 30. Rf4+ Ke6 {[%emt 0:00:00] [#] ...gxf3 would be deadly.} 31. Rxg4 Nd3 {[%emt 0:00:00] aiming for ...Rf2+.} 32. Rxg7 Rf2+ 33. Kg1 Rxf3 34. Nc2 Nc5 35. Rg6+ {[%emt 0:04:12] Loses the game.} (35. Nd4+ $17 Kf6 36. Nxf3 Kxg7 37. Nd2) 35... Rf6 36. Rg4 Nb3 37. Ra4 (37. Nd4+ $142 Nxd4 38. Rxd4) 37... Rf5 $19 38. Rb4 Rg5+ (38... Nxa5 39. Nd4+ Kf6 40. Nxf5 Kxf5 41. Rh4 $16) 39. Kf2 Nxa5 40. Ne3 b5 41. Ke2 Re5 {[%emt 0:00:00] Wards off Re4. White must now prevent ...Nc4.} 42. Kd2 c5 43. Rg4 Nb3+ 44. Ke2 Rg5 {[%emt 0:00:00] Inhibits Rg6+.} 45. Re4+ Kd7 46. h4 Rg6 47. h5 Rg5 48. Ng4 a5 {[%emt 0:00:00][%cal Ba6a5,Ba5a4][%mdl 32] Strongly threatening ...a4.} ({Resist} 48... Rxh5 49. Nf6+ Kc7 50. Nxh5 $18) 49. Kd1 (49. Nf6+ $142 Kd6 50. Re8) 49... a4 {[%emt 0:00:00] ...a3 is the strong threat.} ({Weaker is} 49... Rxh5 50. Nf6+ Kc8 51. Nxh5 $18) 50. Kc2 Kd6 ({Not} 50... Rxh5 51. Nf6+ Kc7 52. Nxh5 $18) 51. Rf4 Rxh5 52. Rf6+ Kd5 53. Rxh6 Rxh6 {[%emt 0:01:59] Black mates.} 54. Nxh6 b4 55. Nf5 Na5 56. Ne3+ Ke4 57. Nd1 b3+ {[%emt 0:00:16] Weighted Error Value: White=0.38/Black=0.05 (flawless)} 0-1

[Event "10th Cherry Blossom Classic 2023"]
[Site "Dulles"]
[Date "2023.05.28"]
[Round "5.11"]
[White "Morefield, Jason"]
[Black "Kiewra, Keaton"]
[Result "1/2-1/2"]
[ECO "B33"]
[WhiteElo "2167"]
[BlackElo "2352"]
[Annotator "TA"]
[PlyCount "82"]
[EventDate "2023.05.24"]
[EventType "swiss"]
[EventCountry "USA"]
[SourceTitle "playchess.com"]
[Source "ChessBase"]
[SourceQuality "1"]
[TimeControl "5400+30"]

1. e4 c5 2. Nf3 Nc6 3. d4 cxd4 4. Nxd4 Nf6 5. Nc3 e5 6. Ndb5 h6 7. Nd5 {[%emt 0:02:06] White is more active.} Nxd5 {[%emt 0:00:06] B33: Sicilian: Pelikan and Sveshnikov Variations.} 8. exd5 {[%emt 0:00:10][%cal Od5d6] [#] d6! is the strong threat.} a6 $1 9. Nc3 Nd4 {[%emt 0:00:50] White is slightly better.} 10. Bd3 d6 11. O-O g6 12. Be3 Nf5 13. Bxf5 Bxf5 {[%emt 0:00:09] [#]} 14. a4 $146 ({Predecessor:} 14. f4 h5 15. Qd2 Bg7 16. Rf2 O-O 17. fxe5 Bxe5 18. Bd4 Bxd4 19. Qxd4 Re8 20. Raf1 {½-½ Van Kampen,R (2563)-Andersson,U (2571) Utrecht OKU op 39th 2012 (5)}) 14... Bg7 15. a5 O-O (15... Rc8 $11 {feels stronger.}) 16. Qd2 (16. Na4 $1 $14) 16... Kh7 (16... g5 $11) 17. Na4 $1 $14 Rc8 18. Rac1 Rc4 19. Nb6 Rh4 20. c4 Qf6 (20... Re8 $16 {was necessary.}) 21. f3 $18 h5 (21... Re8 {keeps fighting.}) 22. Bg5 $2 (22. g4 $18 {and White stays clearly on top. Black must now prevent Bg5.} Bxg4 23. Bg5 (23. fxg4 Rxg4+ 24. Kh1 Qh4 $16) 23... Bxf3 24. Bxf6 Rg4+ 25. Kf2 Rg2+ 26. Ke1 Rxd2 27. Kxd2 Bxf6 28. Rxf3 Bg5+ 29. Re3) 22... Rd4 $16 23. Qe3 (23. Qxd4 {with more complications.} Qxg5 24. Qf2 e4 25. fxe4 Bxe4 26. Rcd1) 23... Rd3 $1 24. Bxf6 (24. Qxd3 {feels hotter.} Qxg5 25. Qe2 e4 26. b4) 24... Rxe3 25. Bxg7 Kxg7 26. Rfd1 (26. b4 $14) 26... Re2 $11 27. c5 dxc5 ({Don't take} 27... Rxb2 28. c6 $16 (28. cxd6 Rd8 $11) (28. Nc4 Rb4 $16)) 28. d6 e4 29. d7 Rd8 30. Rxc5 {[%emt 0:00:21] [#] fxe4 would be deadly.} e3 ({But not} 30... exf3 31. gxf3 Rc2 32. Rxc2 Bxc2 33. Rc1 $16) 31. Rc8 Rxd7 32. Nxd7 Bxd7 {[%emt 0:00:05][%mdl 4096] Endgame KRR-KRB} 33. Rc3 (33. Rcc1 $5 Bc6 34. Re1 Rxb2 35. Rxe3 $14) 33... Bb5 34. Rdc1 {[%emt 0:06:21] And now R3c2 would win.} Rxb2 35. Rxe3 Bc6 36. Rc5 Ra2 {[%emt 0:00:18] The position is equal.} 37. Re7 h4 38. h3 Ra1+ 39. Kf2 Ra2+ 40. Kg1 Ra1+ 41. Kf2 Ra2+ {[%emt 0:00:05] Weighted Error Value: White=0.17 (very precise) /Black=0.17 (very precise)} 1/2-1/2

[Event "10th Cherry Blossom Classic 2023"]
[Site "Dulles"]
[Date "2023.05.28"]
[Round "5.12"]
[White "Williams, Justus"]
[Black "Altman, Joshua"]
[Result "1-0"]
[ECO "A25"]
[WhiteElo "2396"]
[BlackElo "2120"]
[Annotator "TA"]
[PlyCount "139"]
[EventDate "2023.05.24"]
[EventType "swiss"]
[EventCountry "USA"]
[SourceTitle "playchess.com"]
[Source "ChessBase"]
[SourceQuality "1"]
[TimeControl "5400+30"]

1. c4 e5 2. Nc3 Nc6 3. g3 Nf6 4. Bg2 Bc5 5. e3 O-O 6. Nge2 d6 7. d4 Bb6 {[%emt 0:01:44] A25: English Opening vs King's Indian with ...Nc6 but without early d3.} 8. h3 h6 9. O-O exd4 {[%emt 0:09:53] The position is equal.} 10. exd4 {[%emt 0:00:25] [#]} Ne7 $146 ({Predecessor:} 10... Re8 11. Be3 Ne7 12. c5 Ba5 13. Qa4 c6 14. cxd6 Ned5 15. Nxd5 Nxd5 16. Bxd5 cxd5 {1-0 Lanka,Z (2412)-Kalisky,V (2139) Skalica op 2021 (7)}) 11. g4 c6 12. Ng3 Nh7 13. f4 d5 14. cxd5 $1 Nxd5 15. Nxd5 cxd5 16. f5 Qf6 (16... Bd7 $15) 17. Be3 (17. Bxd5 $2 Rd8 18. Bxf7+ Qxf7 $19) 17... Re8 18. Bf2 (18. Nh5 $5 Qd6 19. Qd2 $14 (19. Bf4 Qb4 $11)) 18... Bd7 19. Nh5 Qd6 20. Qd2 Bb5 21. Bg3 Qd7 (21... Re2 $2 22. Qxe2 Bxe2 23. Bxd6 $18) 22. Rf2 (22. Rfe1 $11) 22... f6 $2 (22... Ng5 $17 {and life is bright. Strongly threatening ...Ne4.} 23. Bf4 Ne4 24. Bxe4 dxe4) 23. Nf4 (23. h4 $1 $16) 23... Bc6 {[%emt 0:00:13] [#]} (23... Ng5 $1 $15 {keeps the upper hand.}) 24. h4 $1 $16 Rac8 25. Rd1 Bc7 26. Nh5 Bxg3 27. Nxg3 Re7 28. Re1 Rce8 29. Rfe2 Rxe2 30. Rxe2 Rxe2 31. Qxe2 Nf8 32. Nh5 Qd6 33. Qe3 Kf7 34. Nf4 {[%emt 0:00:33] White has more active pieces.} (34. a3 $16) 34... a6 35. a3 a5 36. Kf2 (36. Nh5 $16) 36... a4 (36... g5 $1 $11 {remains equal.} 37. hxg5 (37. fxg6+ Nxg6 38. Nxg6 Kxg6 $14) 37... hxg5) 37. Bf3 ({Better is} 37. Qg3 $16) 37... b6 (37... g5 $14 38. hxg5 (38. fxg6+ Nxg6 39. Ng2 Kg7 $14) 38... hxg5) 38. Kg2 Kg8 (38... g5 $142) 39. Nd3 Bb5 40. Qf4 $36 {[%emt 0:00:21][%mdl 2048] Keeping Black busy.} Qd8 41. Nb4 Bc4 42. Kf2 Kf7 43. Qg3 (43. Qh2 {simplifies} Kg8 44. Qg2 Kh7 45. Bxd5 Bxd5 46. Nxd5 Qd6 47. Ke3) 43... Bb3 (43... Kg8 $16) 44. Qg2 Qd6 (44... Qc7 $16 {was worth a try.}) 45. Bxd5+ $18 ({But not} 45. Nxd5 $6 Qd8 46. Be4 b5 $16) 45... Ke7 46. Qe4+ Kd8 47. Kg2 {[%emt 0:01:03] Against Qh2+} Bxd5 48. Nxd5 {[%emt 0:01:10][%mdl 4096] Endgame KQN-KQN} Kd7 49. Nc3 Qc6 50. d5 {[%emt 0:01:28][%mdl 64] Overworked Piece} ({Weaker is} 50. Nd5 Kd6 51. Nc3 Qxe4+ 52. Nxe4+ Kd5 $14) 50... Qc5 51. Qxa4+ Ke7 52. Qa7+ $2 (52. Qe4+ $18 {has better winning chances.} Kf7 53. Ne2) 52... Nd7 $16 53. Qa4 (53. Qb7 $14) 53... Ne5 $2 (53... Nf8 $1 $11 {and Black has nothing to worry.}) 54. Qe4 $18 ({Resist} 54. Qa7+ Nd7) 54... Qc4 (54... Kd6 $142 55. g5 hxg5) 55. Qxc4 Nxc4 {[%emt 0:00:05] [#] KN-KN} 56. Na4 (56. Nd1 $1 $18) 56... Ne3+ $2 {[%emt 0:00:31][%mdl 8192] This move loses the game for Black.} (56... Kd6 $16) 57. Kf3 {[%emt 0:00:02] White is clearly winning.} Nxd5 58. Ke4 Kd6 59. Nc3 Ne7 60. Nb5+ Kc5 61. Nd4 Kc4 62. Ne6 Kb3 63. Nxg7 Kxb2 64. Ne8 Kxa3 65. Nxf6 b5 66. Nd5 b4 67. Nxe7 b3 68. Nd5 b2 69. Nc3 Kb3 70. Kd3 {[%emt 0:00:03] Weighted Error Value: White=0.30/Black=0.49} 1-0

[Event "10th Cherry Blossom Classic 2023"]
[Site "Dulles"]
[Date "2023.05.28"]
[Round "5.13"]
[White "Sinha, Sahil"]
[Black "Brady, Tyson"]
[Result "1-0"]
[ECO "E99"]
[WhiteElo "2317"]
[BlackElo "2092"]
[Annotator "TA"]
[PlyCount "101"]
[EventDate "2023.05.24"]
[EventType "swiss"]
[EventCountry "USA"]
[SourceTitle "playchess.com"]
[Source "ChessBase"]
[SourceQuality "1"]
[TimeControl "5400+30"]

1. d4 Nf6 2. c4 g6 3. Nc3 Bg7 4. e4 d6 5. Be2 O-O 6. Nf3 e5 7. O-O Nc6 8. d5 Ne7 9. Ne1 Nd7 10. Be3 f5 11. f3 f4 12. Bf2 g5 13. Rc1 Ng6 {[%emt 0:00:02] E99: King's Indian: Classical Main Line: 9 Ne1 Nd7 10 f3 f5.} 14. Nb5 b6 15. b4 a6 {[%emt 0:00:28] White is slightly better.} 16. Nc3 {[%emt 0:00:04] White is more active.} Rf7 {[%emt 0:00:01] [#]} 17. c5 $1 h5 (17... Bf8 18. Nd3) 18. Nd3 Bf8 19. Kh1 Rb8 20. cxb6 cxb6 21. Nb2 {[%emt 0:03:14] [#]} ({White should play} 21. b5 $16) 21... b5 $146 (21... Nf6 $1 $11) ({Predecessor:} 21... Nf6 22. Nca4 Bd7 23. b5 axb5 24. Nc3 g4 25. Bxb5 g3 26. Bxd7 Rxd7 27. Be1 Rh7 {½-½ Zhak,B (2597)-Sasikiran,K USA A email ICCF email 2015}) 22. a4 $14 Nf6 23. axb5 axb5 (23... g4 $16 {was worth a try.}) 24. Nxb5 $18 (24. Bxb5 g4 $16) 24... g4 (24... Bd7 {was called for.}) 25. Na7 $1 Rxa7 26. Bxa7 Rxb4 27. Rc2 g3 (27... h4 $142 28. Bf2 (28. fxg4 Rb7 $18) 28... Rb8) 28. Qd2 Rb7 29. Rfc1 (29. Ba6 $18 {has better winning chances.} Rxa7 30. Bxc8 (30. Rxc8 Nxe4 31. Qd3 {[%mdl 64] Pin} Nf2+ 32. Rxf2 e4 $18)) 29... Bd7 (29... Bh3 $16) 30. Bg1 gxh2 31. Bf2 (31. Kxh2 $2 Ng4+ 32. Kh1 Qh4+) 31... h4 32. Nc4 h3 33. g4 (33. Kxh2 hxg2 34. Rg1 (34. Kxg2 $2 Bh3+ 35. Kxh3 Nxe4 $19) 34... Nh5 35. Rxg2 Ng3 36. Bxg3 fxg3+ 37. Kg1 (37. Rxg3 $2 Qh4+ 38. Kg2 Kh7 $19) 37... Rb1+ 38. Rc1 Rxc1+ 39. Qxc1 Kh7 $16) 33... fxg3 34. Bxg3 Nh5 35. Bf2 (35. Bxh2 $18 {[%cal Oc4d6] Nxd6! would be deadly.} Be8 36. Rg1) 35... Qf6 $16 36. Kxh2 {[%emt 0:02:31] Black must now prevent Rg1.} Ngf4 (36... Kh7 $16) 37. Rg1+ $18 Kh8 38. Nb6 $2 (38. Kh1 h2 39. Ra1 (39. Kxh2 $2 Nxe2 40. Qg5 Qf4+ 41. Qxf4 Nhxf4 $19) 39... Rb3 $11) (38. Be3 $18 {is more deadly.}) 38... Nxe2 $16 39. Qxe2 {[%emt 0:02:19] Hoping for Nxd7.} Bb5 {[%emt 0:03:08] ( -> ...Qf4+)} 40. Qd2 {[%emt 0:01:37] Qg5 is the strong threat.} Qxf3 41. Rc3 $40 {[%emt 0:01:09][%mdl 128] White has strong attack. Really sharp!} Qf4+ 42. Qxf4 $1 (42. Kxh3 Qxd2 43. Rf3 Nf4+ 44. Kg4 Be2 45. Rh1+ Kg8 46. Rg1 Rg7+ 47. Kf5 Bxf3 48. Rxg7+ Bxg7 49. Nd7 Qxf2 50. Nxe5 Bxe5 51. Kg5 Qg3+ 52. Kh6 Qh4#) 42... Nxf4 43. Rc8 Rf7 44. Be3 $1 Kh7 {[%emt 0:00:15] [#]} 45. Rg3 $2 (45. Nc4 $1 $16) 45... Bf1 $1 $11 46. Nd7 {[%emt 0:03:00][%mdl 64] Deflection} Bg7 (46... Bh6 $5 47. Rc7 Kh8 $11) 47. Rc7 Re7 48. Rg4 (48. Bb6 $5) 48... Bg2 $2 {[%emt 0:00:29][%mdl 8192] [#]} (48... Kh6 $11) 49. Bc5 $1 $18 dxc5 (49... Bf3 $142 50. Bxd6 Rxd7 51. Rh4+ (51. Rxd7 Bxg4 52. Rf7 Kg6 $11) 51... Kg6 52. Rxd7 Bf6 53. Rxf4 exf4) 50. d6 Rf7 51. Nxc5 {[%emt 0:01:18][%mdl 64] Discovered Attack. Ingenious play by Sinha!   Weighted Error Value: White=0.32/Black=0.30} 1-0

[Event "10th Cherry Blossom Classic 2023"]
[Site "Dulles"]
[Date "2023.05.28"]
[Round "5.14"]
[White "Girsh, Daniel"]
[Black "Senft, Sean"]
[Result "0-1"]
[ECO "C84"]
[WhiteElo "2123"]
[BlackElo "2089"]
[Annotator "TA"]
[PlyCount "150"]
[EventDate "2023.05.24"]
[EventType "swiss"]
[EventCountry "USA"]
[SourceTitle "playchess.com"]
[Source "ChessBase"]
[SourceQuality "1"]
[TimeControl "5400+30"]

1. e4 e5 2. Nf3 Nc6 3. Bb5 a6 4. Ba4 Nf6 5. d3 b5 6. Bb3 Be7 7. a4 Bb7 8. O-O O-O 9. Bd2 {[%emt 0:00:38] 9.Nc3 is the modern continuation. C84: Closed Ruy Lopez: Unusual White 6th moves.} d6 10. Na3 {[%emt 0:00:30] [#]} bxa4 $146 ({Predecessor:} 10... Na7 11. c4 bxa4 12. Bxa4 c5 13. b4 Qc7 14. Bc3 cxb4 15. Bxb4 Nc6 16. Bc3 Nd7 {1-0 Malek,J (2149)-Bujalski,M (1802) POL-ch U20 Pokrzywna 2021 (1)}) 11. Bxa4 {[%emt 0:00:09] White is slightly better.} Nd7 12. Bb3 Kh8 13. c3 Nc5 14. Bd5 (14. Bc2 $1 $16) 14... Nb8 (14... Nxd3 $11 15. Be3 Nf4) 15. Bxb7 $16 Nxb7 16. Be3 Nd7 17. d4 Bf6 18. d5 Be7 19. Qc2 ({Better is} 19. Qd3 $16) 19... Qc8 $1 $14 20. Nc4 c6 21. Qd3 cxd5 22. Qxd5 Nf6 23. Qd3 {[%emt 0:00:07] Threatens to win with Nb6.} Nc5 24. Bxc5 Qxc5 25. Ne3 Qc6 26. Nf5 Rfe8 27. Ng5 (27. Nd2 $14 {deserves consideration.}) 27... Kg8 $11 28. Qg3 Bf8 29. Rad1 (29. Ne6 $1 $11 {remains equal.} Rxe6 30. Nh6+ Kh8 31. Nxf7+ Kg8 32. Nh6+ Kh8 33. Nf7+ Kg8 34. Nh6+ Kh8 35. Nf7+) 29... g6 (29... Nxe4 30. Nh6+ (30. Nxe4 Qxe4 31. Nh6+ {[%mdl 64] Deflection} Kh8 $16) 30... gxh6 31. Nxe4+ Kh8 32. Nf6 $18) 30. Qh4 $2 {[%emt 0:08:17][%mdl 8192] Loses the game.} gxf5 $19 31. Rd3 Bg7 (31... Nxe4 $2 32. Qxh7#) (31... fxe4 32. Nxh7 Nxh7 33. Rg3+ Bg7 34. Qh6 $18) 32. exf5 h6 33. Rg3 hxg5 34. Qxg5 {[%emt 0:00:07][%csl Gg3][%cal Rg5g7] [#]} Kf8 {[%emt 0:00:09] ...Bh8 is the strong threat.} 35. Qxg7+ Ke7 36. Rg6 d5 37. Rg3 Rg8 {[%emt 0:01:59] Prevents Re1.} 38. Qh6 Rxg3 39. hxg3 Qd7 40. Qe3 Qd6 41. Re1 (41. Ra1 $142) 41... e4 42. Qd4 Rc8 43. b3 Qc6 44. Qe5+ Kf8 45. c4 dxc4 46. bxc4 Re8 47. Qd4 a5 48. Rb1 {[%emt 0:00:00] [#] Black must now prevent Rb6.} e3 $1 {[%emt 0:01:38][%mdl 64] aiming for ...Re4. Decoy} 49. fxe3 {[%emt 0:00:00] [#] And now Rb6 would win.} (49. f3 e2) 49... Qe4 $1 50. Ra1 (50. Rb6 Ng4 51. Qxe4 Rxe4) (50. Qxe4 $142 Rxe4 51. Ra1) 50... Qxe3+ ({Not} 50... Qxf5 51. Rf1 Qg5 52. Rxf6 $11 (52. Qxf6 Qxf6 53. Rxf6 Ra8 $11)) 51. Qxe3 Rxe3 52. Rxa5 {[%emt 0:00:00][%mdl 4096] Endgame KRN-KR} Rc3 (52... Rxg3 $2 {is the wrong capture.} 53. Kf1 $19) 53. Ra8+ Kg7 54. Rc8 Ng4 55. Kf1 Ne3+ 56. Ke2 Rxc4 57. Re8 Nxf5 58. Kf3 Rc3+ 59. Kf4 Nxg3 60. Re5 Kf6 {[%emt 0:00:49] ( -> ...Rc4+)} 61. Ra5 Ne2+ 62. Ke4 Kg6 63. Ra2 (63. g4 $19) 63... f5+ {[%emt 0:00:24] Black mates.} 64. Kd5 Re3 65. Ra8 Kg5 66. Rf8 Kf4 67. Rf7 Ng3 68. Ra7 Re2 69. Ra4+ Kg5 70. Ra8 Rxg2 71. Ke6 Re2+ 72. Kf7 f4 73. Rg8+ Kf5 74. Rf8 f3 75. Kg7+ Kg4 {[%emt 0:00:09] Weighted Error Value: White=0.41/Black=0.19 (very precise)} 0-1

[Event "10th Cherry Blossom Classic 2023"]
[Site "Dulles"]
[Date "2023.05.28"]
[Round "5.15"]
[White "Chabris, Christopher"]
[Black "Roselli Mailhe, Bernardo"]
[Result "1/2-1/2"]
[ECO "C92"]
[WhiteElo "2053"]
[BlackElo "2380"]
[Annotator "TA"]
[PlyCount "137"]
[EventDate "2023.05.24"]
[EventType "swiss"]
[EventCountry "USA"]
[SourceTitle "playchess.com"]
[Source "ChessBase"]
[SourceQuality "1"]
[TimeControl "5400+30"]

1. e4 e5 2. Nf3 Nc6 3. Bb5 a6 4. Ba4 Nf6 5. O-O Be7 6. Re1 b5 7. Bb3 d6 8. c3 O-O 9. h3 Nd7 10. d4 Bf6 11. Be3 exd4 12. cxd4 Na5 13. Bc2 Nc4 14. Bc1 c5 15. Nc3 {[%emt 0:15:13] C92: Closed Ruy Lopez: 9...Be6, Karpov and Flohr-Zaitsev Variations.} Bb7 16. b3 {[%emt 0:03:45] [#]} Ncb6 $146 ({Predecessor:} 16... cxd4 17. Nxd4 Qa5 18. Nce2 Na3 19. Bxa3 Qxa3 20. Nf5 Bxa1 21. Qxa1 Ne5 22. Bb1 f6 {½-½ Fernandez Cardoso,A (2427)-Sanikidze,T (2596) Balaguer op 17th 2012 (3)}) 17. e5 $1 {[%emt 1:10:19] White is better.} dxe5 18. dxe5 Be7 19. Ne4 {[%emt 0:00:00][%cal Oe5e6] White has more active pieces. The black rooks are badly placed.} (19. Qd3 {is interesting.} f5 20. exf6 Nxf6 21. Qf5) 19... Re8 20. Bf4 (20. Bd2 $14) 20... Nd5 21. Bg3 Nb4 22. Bb1 Nf8 23. Qe2 Rc8 24. a3 Nd5 25. Bc2 Qa5 26. a4 Nb4 27. Bb1 Qb6 28. Qd2 c4 29. axb5 Bxe4 30. Bxe4 (30. Rxe4 $2 c3 31. Qe2 c2 32. Bxc2 Rxc2 $19) 30... c3 31. Qf4 Ne6 32. Qg4 (32. Qf5 $2 g6 33. Qg4 h5 $19) 32... Qxb5 33. Bh4 {[%emt 0:01:34] Hoping for Bxe7.} Bxh4 (33... Bf8 $17 {aiming for ...c2.} 34. Bf5 g6 35. Bxe6 fxe6) 34. Nxh4 $11 (34. Qxh4 h6 35. Qg4 c2 $19) 34... Nd3 {[%emt 0:02:45] A dynamic duo of knights.} (34... Qxe5 $2 35. Bxh7+ Kxh7 36. Rxe5 $18) 35. Qf5 {[%emt 0:02:02][%csl LRd3,LRh7] The board is on fire.} g6 $1 (35... Nxe1 $2 36. Qxh7+ Kf8 37. Nf5 $18) 36. Bxd3 gxf5 37. Bxb5 axb5 38. Nxf5 Rc7 39. b4 (39. Rac1 $11) 39... Nf4 (39... c2 $17 {Threatens to win with ...Nf4.} 40. g3 Rd8) 40. Nd6 $1 Rb8 {[%emt 0:00:19] Strongly threatening ...c2.} (40... Rd8 $5 41. Re4 (41. Nxb5 Rc6 $11) 41... c2 42. Rxf4 c1=Q+ 43. Rxc1 Rxc1+ 44. Kh2 Re1 $11) 41. Re3 Kf8 {[%emt 0:01:48] [#]} 42. Rc1 $1 $36 {[%emt 0:00:23][%mdl 2048] Keeping Black busy.} Ke7 43. g3 (43. Rexc3 $2 {too greedy.} Rxc3 44. Rd1 (44. Nf5+ $2 Kd7 $19) 44... Nd3 $19) 43... Nd5 44. Rd3 (44. Nf5+ $16 Kf8 45. Rd3 Nxb4 46. Rdxc3 Rxc3 47. Rxc3) 44... Ke6 $1 45. Ne4 {[%emt 0:01:08] f4 would be deadly.} Kxe5 (45... Nxb4 $11 {keeps the balance.} 46. Rdxc3 Rxc3 47. Nxc3 Nd3) 46. Nxc3 $16 Nxb4 47. Re1+ Kf6 {[%emt 0:01:17] [#]} 48. Rf3+ Kg7 49. Re5 Nc2 50. Nxb5 Rxb5 {[%emt 0:00:47][%mdl 64] Remove Defender} 51. Rxb5 {[%emt 0:00:11][%mdl 4096] Endgame KRR-KRN} Nd4 {[%emt 0:00:05][%csl LRb5,LRf3] [#]} 52. Rfb3 Nxb3 (52... h5 53. Rb7) 53. Rxb3 {[%emt 0:00:03] KR-KR} h6 54. Kg2 Rc4 55. Rb5 Rc3 56. Re5 Ra3 57. g4 Rb3 58. f3 Ra3 59. Kg3 Rb3 60. Kf4 Ra3 61. h4 Ra4+ 62. Kf5 Ra3 63. f4 Ra6 64. h5 Ra1 65. g5 (65. Rc5 $16) 65... hxg5 $11 {[%emt 0:00:10] The position is equal.} 66. fxg5 Rf1+ 67. Kg4 Rg1+ 68. Kf5 Rf1+ 69. Kg4 {[%emt 0:00:42] Weighted Error Value: White=0.14 (very precise) /Black=0.14 (very precise)} 1/2-1/2

[Event "10th Cherry Blossom Classic 2023"]
[Site "Dulles"]
[Date "2023.05.28"]
[Round "5.16"]
[White "Slade, Theodore"]
[Black "Aripov, Iskandar"]
[Result "1/2-1/2"]
[ECO "D45"]
[WhiteElo "2021"]
[BlackElo "2211"]
[Annotator "TA"]
[PlyCount "68"]
[EventDate "2023.05.24"]
[EventType "swiss"]
[EventCountry "USA"]
[SourceTitle "playchess.com"]
[Source "ChessBase"]
[SourceQuality "1"]
[TimeControl "5400+30"]

1. d4 d5 2. c4 c6 3. Nc3 Nf6 4. e3 e6 5. Nf3 Nbd7 6. Qc2 b6 7. Bd3 Bb7 8. O-O Be7 9. e4 {[%emt 0:11:27] Recently 9.Rd1 got a lot of attention. D45: Semi-Slav: 5 e3.} dxe4 10. Nxe4 Nxe4 11. Bxe4 Nf6 12. Bd3 (12. Bf4 $11) 12... c5 $15 {[%emt 0:00:45] [#]} 13. Qa4+ $146 ({Predecessor:} 13. dxc5 Bxf3 14. gxf3 Bxc5 15. b4 Bd4 16. Rb1 O-O 17. Bf4 e5 18. Bg3 Rc8 19. Rfe1 Re8 20. Rbd1 {1-0 Gunina,V (2448)-Gaponenko,I (2469) Wch Blitz final (Women) 2010 (8)}) 13... Qd7 14. Qxd7+ Nxd7 15. Be3 Bxf3 16. gxf3 cxd4 17. Bxd4 Bf6 18. Bxf6 gxf6 19. Rfd1 Ke7 20. Be2 Rhg8+ 21. Kh1 f5 22. Rd4 Nf6 23. Rc1 Rad8 24. Rcd1 Rxd4 25. Rxd4 $17 {[%emt 0:00:07][%mdl 4096] Endgame KRB-KRN} e5 26. Rd3 Rd8 ({Black should play} 26... Rc8 $15) 27. Rxd8 $11 Kxd8 {[%emt 0:00:00] KB-KN} 28. Kg1 Kd7 29. Kf1 Kd6 30. b4 e4 31. f4 {[%emt 0:03:45] The position is equal.} a5 32. a3 axb4 33. axb4 Nd7 34. Ke1 Nb8 {[%emt 0:00:00] Weighted Error Value: White=0.12 (very precise) /Black=0.06 (flawless)} 1/2-1/2